 Dungeon Crawl Stone Soup version 0.20.1-1-g8b1a95d (webtiles) character file.

211 Irenicus the Insei (level 5, -2/54 HPs)
             Began as an Octopode Chaos Knight on Oct 13, 2017.
             Slain by an orc warrior
             ... wielding a +0 trident
              (9 damage)
             ... on level 3 of the Dungeon.
             The game lasted 00:04:46 (2016 turns).

Irenicus the Insei (Octopode Chaos Knight)          Turns: 2016, Time: 00:04:46

Health: -2/54      AC: 22    Str: 11    XL:     5   Next: 88%
Magic:  5/5        EV:  2    Int: 16    God:    Xom [.*....]
Gold:   132        SH:  0    Dex: 18    Spells: 4/4 levels left

rFire    . . .     SeeInvis .     - Unarmed
rCold    . . .     Gourm    .   (no shield)
rNeg     + + +     Faith    .   (helmet currently unavailable)
rPois    +         Spirit   .   (no amulet)
rElec    .         Reflect  .   g - +2 ring of intelligence
rCorr    .         Harm     .   (no ring)
MR       .....     NoTele   +   (no ring)
Stlth    +++.......             (no ring)
Regen    0.2/turn               (no ring)
MPRegen  0.1/turn               (no ring)
                                (no ring)
                                (no ring)

@: agile, tree-form, hasted, very quick
A: almost no armour, stealthy swim, (amphibious), 8 rings, (constrict 8)
a: Renounce Religion


You were on level 3 of the Dungeon.
You worshipped Xom.
You were a plaything of Xom.
You were hungry.
You were a tree.
You visited 1 branch of the dungeon, and saw 3 of its levels.

You collected 132 gold pieces.

Inventory:

Jewellery
 g - a +2 ring of intelligence (left branch)
Scrolls
 b - a scroll of magic mapping
 d - 7 scrolls of identify
 e - a scroll of blinking
Potions
 f - a potion of degeneration
 h - a potion of lignification
 i - a potion of haste
 j - a potion of agility
Comestibles
 a - 3 bread rations
 c - a royal jelly
 k - 3 fruits


   Skills:
 - Level 3.0 Fighting
 - Level 2.3 Dodging
 + Level 6.3 Unarmed Combat


You had 4 spell levels left.
You didn't know any spells.

Dungeon Overview and Level Annotations

Branches:
Dungeon (3/15)

Altars:
Xom


Innate Abilities, Weirdness & Mutations

You cannot wear most types of armour.
You are very stealthy in the water. (Stealth+)
((You are amphibious.))
You can wear up to eight rings at the same time.
((You can use your tentacles to constrict eight enemies at once.))
((Your skin changes colour to match your surroundings (Stealth+).))
((Your rubbery body absorbs attacks. (AC +1, EV +1)))


Message History

The orc warrior hits you but does no damage. "Just a minor improvement..."
You are now a plaything of Xom.
The orc warrior hits you from afar with a trident.
* * * LOW HITPOINT WARNING * * *
The orc warrior hits you but does no damage.
The orc warrior hits you but does no damage.
You cannot move.
You aren't carrying any items that you can evoke.
Firing (i - inventory): No suitable missiles.
Press: ? - help, Shift-Dir - straight line, f - orc warrior
Aim: an orc warrior, wielding a trident and wearing a plate armour (grey smoke)
Okay, then.
The orc warrior hits you but does no damage. "Serve the mortal, my children!"
The orc warrior hits you but does no damage.
Your iron imp closely misses the orc warrior.
The orc warrior hits you from afar with a trident!
You die... "This toy is broken."

,,,,*,,,,,,,#....#,,,,,,,*,,,,,**
,,,,+,,,,,,,#...(#,,,,,,,+,,,,,,*
,,,,****##*##..(.#######**,,,,,,,
*,,,,,,,...#...)(.#.....,,,,,,,,,
*,,,,,,,...'...)..'.....,,,,,,,,,
*,,,,,,,...#...)..#...o.,,,,,,,,,
,,,,****#####._§o#######**,,,,,,,
,,,,+,,,,,,,#..55#,,,,,,,',,,,,,*
,,,,*,,,,,,,#...♣#,,,,,,,*,,,,,**
#################################
≈≈≈≈≈≈≈≈≈≈≈≈≈≈≈≈≈≈≈≈≈≈≈≈≈≈≈≈≈≈≈≈≈
≈≈≈≈≈≈≈≈≈≈≈≈≈≈≈≈≈≈≈≈≈≈≈≈≈≈≈≈≈≈≈≈≈
≈≈≈≈≈≈≈≈≈≈≈≈≈≈≈≈≈≈≈≈≈≈≈≈≈≈≈≈≈≈≈≈≈
#################################


You could see an orc warrior and 2 friendly iron imps.

Vanquished Creatures
  An orc priest (D:3)
  2 orc wizards (D:3)
  5 adders
  A gnoll (D:1)
  A worm (D:2)
  A dart slug (D:3)
  4 leopard geckos
  3 orcs (D:3)
  A giant cockroach (D:2)
  8 goblins
  6 hobgoblins
  4 jackals (D:2)
  7 bats
  4 frilled lizards
  13 kobolds
  5 rats
66 creatures vanquished.

Vanquished Creatures (collateral kills)
  A goblin (D:2)
  A frilled lizard (D:2)
2 creatures vanquished.

Grand Total: 68 creatures vanquished

Notes
Turn   | Place    | Note
-------+----------+-------------------------------------------
     0 | D:1      | Irenicus the Octopode Chaos Knight began the quest for the Orb.
     0 | D:1      | Reached XP level 1. HP: 16/16 MP: 1/1
   142 | D:1      | Reached XP level 2. HP: 15/21 MP: 2/2
   615 | D:1      | Reached skill level 4 in Unarmed Combat
   615 | D:1      | Reached XP level 3. HP: 26/26 MP: 3/3
   664 | D:2      | XOM: cast spell 'Call Canine Familiar'
   764 | D:2      | XOM: harmless Hex miscast
   800 | D:2      | XOM: cast spell 'Cause Fear'
  1006 | D:2      | Reached XP level 4. HP: 27/31 MP: 4/4
  1244 | D:2      | Reached skill level 5 in Unarmed Combat
  1651 | D:3      | Reached XP level 5. HP: 26/36 MP: 5/5
  1717 | D:3      | XOM is BORED!
  1717 | D:3      | XOM: mild Tloc miscast
  1734 | D:3      | Reached skill level 6 in Unarmed Combat
  1958 | D:3      | Noticed an orc warrior
  1979 | D:3      | XOM: confuse monster(s)
  1983 | D:3      | XOM: divination: magic mapping
  2004 | D:3      | XOM: mild Conj miscast
  2007 | D:3      | XOM: scenery: create altars
  2013 | D:3      | XOM: summons 2 friendly demons
  2016 | D:3      | Slain by an orc warrior

Skill      XL: |  1  2  3  4  5 |
---------------+----------------+-----
Unarmed Combat | 4 5 6 |  6.3
Fighting       | |  3.0
Dodging        | |  2.3

Action                   |  1- 3 |  4- 6 || total
-------------------------+-------+-------++-------
Melee: Unarmed           |    78 |    74 ||   152
       Constrict         |    20 |    20 ||    40
       Tentacles         |    12 |    10 ||    22
       Punch             |     2 |     7 ||     9
  Use: Scroll            |       |     3 ||     3
       Potion            |       |     3 ||     3
 Stab: Sleeping          |     3 |     4 ||     7
  Eat: Chunk             |       |     3 ||     3
Armor: Skin              |    16 |    13 ||    29
Dodge: Dodged            |    45 |    52 ||    97
